 Dungeon Crawl Stone Soup version 0.18-a0 (webtiles) character file.

2345 Jergosh the Twirler (level 9, -7/71 HPs)
             Began as a Ghoul Gladiator on Oct 30, 2015.
             Was a Follower of Makhleb.
             Killed from afar by Erica (21 damage)
             ... with an orb of energy
             ... on level 8 of the Dungeon.
             The game lasted 00:16:40 (6309 turns).

Jergosh the Twirler (Ghoul Gladiator)               Turns: 6309, Time: 00:16:40

Health: -7/71      AC: 12    Str: 19    XL:     9   Next: 43%
Magic:  8/8        EV: 13    Int:  9    God:    Makhleb [*.....]
Gold:   304        SH:  0    Dex: 10    Spells: 0 memorised, 8 levels left

rFire  . . .     SeeInvis .     u - +4 quarterstaff (chaos)
rCold  + . .     Clarity  .     m - +0 ring mail
rNeg   + + +     SustAt   +     (no shield)
rPois  ∞         Gourm    .     c - +0 helmet
rElec  +         Spirit   .     r - +1 cloak
rCorr  .         Warding  .     n - +1 pair of gloves
rMut   .         Stasis   .     z - +0 pair of boots of Boiling Hail {rElec rN++ MR- Int+4}
MR     .....                    (no amulet)
Stlth  ..........               H - ring of poison resistance
                                w - ring of sustain attributes

@: flying, rotting, not resistant to hostile enchantments, extremely unstealthy
A: rotting body, claws 1, carnivore 3, cold resistance 1, negative energy
resistance 3, slow regeneration 1, torment resistance, unbreathing
a: Renounce Religion


You were on level 8 of the Dungeon.
You worshipped Makhleb.
Makhleb was aware of your devotion.
You were not hungry.

You visited 2 branches of the dungeon, and saw 9 of its levels.

You collected 374 gold pieces.
You spent 70 gold pieces at shops.

Inventory:

Hand Weapons
 a - a +1 war axe
 k - a +0 dire flail of freezing
 u - a +4 quarterstaff of chaos (weapon)
Missiles
 d - 4 throwing nets (quivered)
 G - 7 javelins of penetration
Armour
 c - a +0 helmet (worn)
 m - a +0 ring mail (worn)
 n - a +1 pair of gloves (worn)
 r - a +1 cloak (worn)
 z - the +0 pair of boots of Boiling Hail (worn) {rElec rN++ MR- Int+4}
   (You found it on level 5 of the Dungeon)

   It affects your intelligence (+4).
   It insulates you from electricity.
   It greatly protects you from negative energy.
   It affects your resistance to hostile enchantments.
Jewellery
 w - a ring of sustain attributes (left hand)
 H - a ring of poison resistance (right hand)
Wands
 v - a wand of confusion (24)
 C - a wand of teleportation (3)
Scrolls
 b - 2 scrolls of noise
 h - 2 scrolls of enchant weapon
 i - a scroll of fear
 l - a scroll of amnesia
 o - 3 scrolls of enchant armour
 q - 4 scrolls of teleportation
 y - a scroll of remove curse
 E - 2 scrolls of magic mapping {unknown}
 F - 2 scrolls of identify
Potions
 e - 3 potions of cancellation
 g - 2 potions of brilliance
 j - 5 potions of curing
 s - 2 potions of lignification
Comestibles
 f - 4 slices of pizza
 t - a beef jerky
 A - 3 chunks of flesh
 D - a royal jelly
 X - 5 meat rations


   Skills:
 - Level 4.0 Fighting
 - Level 5.0(5.1) Axes
 - Level 0.5(5.1) Maces & Flails
 * Level 6.2 Staves
 + Level 2.1 Throwing
 + Level 4.7 Armour
 + Level 6.1 Dodging
 - Level 1.2 Evocations


You had 8 spell levels left.
You didn't know any spells.

Dungeon Overview and Level Annotations

Branches:
Dungeon (8/15)             Temple (1/1) D:5
   Lair: D:8-11

Altars:
Ashenzari
Elyvilon
Fedhas
Gozag
Kikubaaqudgha
Makhleb
Nemelex Xobeh
Okawaru
Qazlal
Trog
Vehumet
Xom
Yredelemnul
Zin
The Shining One

Shops:
D:5 *   D:8 [

Annotations:
D:8 Erica


Innate Abilities, Weirdness & Mutations

Your body is rotting away.
You thrive on raw meat.
You are immune to poison.
You have sharp fingernails.
You are carnivorous and can eat meat at any time.
Your flesh is cold resistant.
You are immune to negative energy.
You regenerate slowly when monsters are visible.
You are immune to unholy pain and torment.
You can survive without breathing.


Message History

You sock something! Something hits you! Something burns you.
Drink which item? (? for menu, Esc to quit)
It was a potion of flight.
You feel very buoyant.
You fly up into the air.
You feel less confused. Something hits you but does no damage.
You closely miss something. You barely miss something.
You hear some strange, mumbled words.
An orb of energy appears from out of thin air!
The orb of energy hits you!
* * * LOW HITPOINT WARNING * * *
The orb of energy explodes!
Drink which item? (? for menu, Esc to quit)
It was a potion of poison.
You feel slightly nauseous.
You hear some strange, mumbled words.
An orb of energy appears from out of thin air!
The orb of energy hits you!
You die...

#......(.#
#.######.# #.#
#.#
############.#
#............#
#####.########
#.# #@# #{#
#Z# #o# ...
... ....§
..§§§ #..§§§§


You could see a worker ant simulacrum and an orc.

Vanquished Creatures
  The ghost of vible the Cleaver, a novice HOGl of Makhleb (D:6)
  Grinder (D:5)
  Prince Ribbit (D:7)
  Edmund (D:4)
  2 sky beasts
  2 ogres
  A centaur (D:6)
  2 giant frogs (D:6)
  2 scorpions
  A centaur zombie (D:6)
  3 crimson imps
  2 hounds
  Crazy Yiuf (D:4)
  4 orc priests
  2 orc wizards
  2 iguanas
  6 worker ants
  A hound zombie (D:6)
  2 gnolls
  5 adders
  A white imp (D:8)
  An ufetubus (D:8)
  2 adder zombies (D:4)
  2 adder skeletons (D:6)
  3 worms (D:2)
  16 orcs
  5 bats
  4 hobgoblins
  8 jackals
  8 kobolds
  A quokka (D:7)
  3 giant cockroaches
  5 giant geckos
  5 giant newts
  8 goblins
  A quokka zombie (D:5)
  7 rats
  A fungus (D:4)
123 creatures vanquished.

Vanquished Creatures (others)
  6 plants (D:6)
6 creatures vanquished.

Grand Total: 129 creatures vanquished

Notes
Turn   | Place    | Note
--------------------------------------------------------------
     0 | D:1      | Jergosh the Ghoul Gladiator began the quest for the Orb.
     0 | D:1      | Reached XP level 1. HP: 17/17 MP: 0/0
   375 | D:1      | Reached XP level 2. HP: 18/25 MP: 1/1
   702 | D:1      | Reached skill level 3 in Axes
  1034 | D:2      | Reached XP level 3. HP: 22/29 MP: 2/2
  1658 | D:2      | Reached XP level 4. HP: 33/37 MP: 3/3
  2279 | D:3      | Reached skill level 1 in Armour
  2476 | D:4      | Reached XP level 5. HP: 34/45 MP: 4/4
  2629 | D:4      | Reached skill level 4 in Axes
  2864 | D:4      | Reached XP level 6. HP: 44/51 MP: 5/5
  3085 | D:4      | Noticed an ogre
  3086 | D:4      | Noticed Edmund
  3124 | D:4      | Killed Edmund
  3124 | D:4      | Reached skill level 1 in Evocations
  3124 | D:4      | Reached XP level 7. HP: 12/58 MP: 6/6
  3127 | D:4      | Killed an ogre
  3127 | D:4      | Reached skill level 5 in Axes
  3234 | D:4      | Noticed Crazy Yiuf
  3246 | D:4      | Killed Crazy Yiuf
  3291 | D:5      | Entered Level 5 of the Dungeon
  3301 | D:5      | Found a staircase to the Ecumenical Temple.
  3315 | Temple   | Entered the Ecumenical Temple
  3676 | D:5      | Noticed Grinder
  3692 | D:5      | Paralysed by Grinder for 7 turns
  3707 | D:5      | Killed Grinder
  3744 | D:5      | Found a burning altar of Makhleb.
  3745 | D:5      | Found a radiant altar of Vehumet.
  3758 | D:5      | Became a worshipper of Makhleb the Destroyer
  3822 | D:5      | Found Jaaduc's General Store.
  3830 | D:5      | Reached XP level 8. HP: 57/65 MP: 7/7
  3840 | D:5      | Bought a potion of heal wounds for 70 gold pieces
  3862 | D:5      | Got a pair of scorched boots
  3868 | D:5      | Identified the +0 pair of boots of Boiling Hail {rElec rN++ MR- Int+4} (You found it on level 5 of the Dungeon)
  4001 | D:5      | Found an iron altar of Okawaru.
  4274 | D:6      | Reached skill level 5 in Dodging
  4460 | D:6      | Noticed vible's ghost (novice HOGl)
  4484 | D:6      | Killed vible's ghost
  4586 | D:6      | Found an opulent altar of Gozag.
  4600 | D:6      | Reached skill level 5 in Staves
  4813 | D:6      | Found a blossoming altar of Fedhas.
  4897 | D:6      | Reached XP level 9. HP: 60/64 MP: 8/8
  4956 | D:6      | Reached * piety under Makhleb
  5406 | D:7      | Found a basalt altar of Yredelemnul.
  5564 | D:7      | Noticed Prince Ribbit
  5587 | D:7      | Killed Prince Ribbit
  5624 | D:7      | Reached skill level 6 in Staves
  5860 | D:7      | Found an ancient bone altar of Kikubaaqudgha.
  6210 | D:8      | Found a sparkling altar of Nemelex Xobeh.
  6215 | D:8      | Found Vokkug's Antique Armour Shoppe.
  6276 | D:8      | Noticed Erica
  6309 | D:8      | Killed from afar by Erica

Vault maps used:
D:1:      wheals_arrival_linesprint, serial_park_tiny_2
D:2:      first_bread, kennysheep_generic_room_4
D:4:      uniq_edmund, uniq_crazy_yiuf_cottage
D:5:      grunt_temple_overflow_lords_of_destruction,
          kennysheep_okawaru_gauntlet, minmay_temple_entry_trees, serial_shops,
          shop, uniq_grinder
D:6:      fedhas_altar_decomposition, overflow_temple_1_default
D:7:      lemuel_crystal_altar, lemuel_doored_altar, uniq_prince_ribbit1
D:8:      nemelex_xobeh_ov_fountains_minmay, minitemple, basic_altar,
          serial_ice, serial_ice_j, serial_ice_m, serial_ice_a, serial_ice_e,
          serial_shops, shop_statue, blue_anna_alchemist, serial_bayou_pond_d,
          uniq_erica, uniq_erolcha
Temple:   temple_island_7

Action                   |  1- 3 |  4- 6 |  7- 9 || total
-------------------------+-------+-------+-------++-------
Melee: War axe           |   148 |   168 |     3 ||   319
       Quarterstaff      |       |       |   220 ||   220
       Dire flail        |       |       |    15 ||    15
Evoke: Wand              |       |       |     1 ||     1
  Use: Scroll            |       |    10 |     3 ||    13
       Potion            |       |     4 |     3 ||     7
 Stab: Paralysed         |       |       |     8 ||     8
       Confused          |       |       |     3 ||     3
  Eat: Chunk             |     8 |    13 |    21 ||    42
